 Dungeon Crawl Stone Soup version 0.23.2-30-g0e89c35649 (webtiles) character file.

Game seed: 4168180793563053057

4408 dengdeng the Protected (level 10, -1/86 HPs)
             Began as a Minotaur Berserker on June 25, 2019.
             Was a High Priest of Trog.
             Slain by a black bear (2 damage)
             ... on level 8 of the Dungeon.
             The game lasted 00:20:38 (6516 turns).

dengdeng the Protected (Minotaur Berserker)         Turns: 6516, Time: 00:20:39

Health: -1/86      AC: 16    Str: 25    XL:     10   Next: 14%
Magic:  3/3        EV: 12    Int:  4    God:    Trog [*****.]
Gold:   408        SH:  0    Dex: 10    Spells: 9/9 levels left

rFire    . . .     SeeInvis .   H - +1 great mace (antimagic)
rCold    . . .     Gourm    .   (shield currently unavailable)
rNeg     . . .     Faith    .   A - +0 plate armour
rPois    .         Spirit   .   (helmet restricted)
rElec    .         Reflect  .   C - +0 cloak
rCorr    +         Harm     .   (no gloves)
MR       .....                  (no boots)
Stlth    ..........             (no amulet)
HPRegen  0.24/turn              u - +3 ring of evasion
MPRegen  0.08/turn              D - ring of resist corrosion

@: lethally poisoned (-1 -> -2)
A: retaliatory headbutt, horns 2
a: Berserk, Trog's Hand, Brothers in Arms, Renounce Religion


You were on level 8 of the Dungeon.
You worshipped Trog.
Trog was extremely pleased with you.
You were not hungry.

You visited 1 branch of the dungeon, and saw 8 of its levels.

You collected 408 gold pieces.

Inventory:

Hand Weapons
 s - a +0 halberd of flaming
 H - a +1 antimagic great mace (weapon)
Missiles
 a - 3 tomahawks
 k - 270 stones (quivered)
Armour
 A - a +0 plate armour (worn)
 C - a +0 cloak (worn)
Jewellery
 b - an uncursed ring of ice
 u - a +3 ring of evasion (left hand)
 w - an uncursed ring of stealth
 D - a ring of resist corrosion (right hand)
Wands
 x - a wand of random effects (13)
 y - a wand of digging (3)
 B - a wand of scattershot (7)
 F - a wand of disintegration (17)
 G - a wand of iceblast (4)
 J - a wand of enslavement (12)
Scrolls
 d - a scroll of fog {unknown}
 f - a scroll of blinking {unknown}
 g - 11 scrolls of identify {unknown}
 h - a scroll of random uselessness {unknown}
 l - a scroll of immolation {unknown}
 m - 3 scrolls of remove curse {unknown}
 o - 4 scrolls of teleportation {unknown}
 t - 3 scrolls of magic mapping {unknown}
Potions
 e - a potion of ambrosia {unknown}
 i - a potion of magic {unknown}
 j - 5 potions of curing
 n - a potion of resistance {unknown}
 p - 3 potions of heal wounds {unknown}
 q - a potion of brilliance {unknown}
 r - a potion of mutation {unknown}
 v - 3 potions of flight {unknown}
 z - a potion of lignification {unknown}
 E - a potion of cancellation {unknown}
 I - a potion of might {unknown}
Comestibles
 c - 11 rations
 K - 2 chunks of flesh


   Skills:
 + Level 7.2 Fighting
   Level 7.2(9.4) Axes
 * Level 1.1(4.6) Maces & Flails
 + Level 9.4(10.4) Polearms
 + Level 0.3 Throwing
 + Level 11.6 Armour
 + Level 3.2 Dodging


You had 9 spell levels left.
You didn't know any spells.
Your spell library was empty.

Dungeon Overview and Level Annotations

Branches:
Dungeon (8/15)             Temple (0/1) D:4
   Lair: D:8-11

Altars:
Ashenzari
Ru
Xom

Shops:
D:4 !


Innate Abilities, Weirdness & Mutations

You reflexively headbutt those who attack you in melee.
You have a pair of horns on your head.


Message History

The black bear closely misses you. The black bear claws you.
* * * LOW HITPOINT WARNING * * *
The orc closely misses you. You furiously retaliate!
You headbutt the orc, but do no damage.
Found a wand of digging (6).
Things that are here:
a +0 dagger; a +0 robe; an orc corpse You sock the black bear!
You headbutt the black bear!
The black bear is severely wounded.
The porcupine twitches its whiskers.
The porcupine bites you but does no damage.
The black bear goes berserk!
The orc hits you but does no damage. The black bear closely misses you.
The black bear claws you but does no damage. x2
The porcupine bites you.
* * * LOW HITPOINT WARNING * * *
The black bear barely misses you.
The black bear claws you but does no damage.
The black bear claws you.
You die...

#. ..####.###### .
........(...## ..
........)....## ( #.#
..............##.####..#
..............#..##>....
/.............#.##..<#..
......rhh.....#.#..##..#
......$@o.............##
................<....##
.....................#
....#######.....#..###
##. ### #.....#### #
#####..........
+_+.......#####
#+###..<..# #.....#


You could see 2 black bears, a porcupine and an orc.

Vanquished Creatures
  A two-headed ogre (D:6)
  An unseen horror (D:7)
  Sigmund (D:6)
  A yak (D:6)
  Eustachio (D:5)
  Menkaure (D:5)
  A sky beast (D:7)
  2 orc warriors
  An ice beast (D:5)
  A phantom (D:7)
  3 ogres
  4 centaurs
  2 bullfrogs
  5 scorpions
  A water moccasin zombie (D:3)
  2 howler monkeys (D:4)
  2 crimson imps (D:5)
  4 orc priests
  3 hounds
  A bullfrog skeleton (D:7)
  Ijyb (D:5)
  Terence (D:2)
  5 worker ants
  4 iguanas
  4 orc wizards
  A hound zombie (D:6)
  2 hound skeletons (D:6)
  3 worker ant zombies
  Robin (D:2)
  11 gnolls
  8 adders
  A howler monkey skeleton (D:3)
  2 shadow imps (D:6)
  An ooze (D:5)
  4 adder skeletons
  An adder zombie (D:8)
  2 worms
  4 dart slugs
  4 leopard geckos
  24 orcs
  5 bats
  6 giant cockroaches
  16 goblins
  11 hobgoblins
  11 jackals (D:3)
  A quokka (D:3)
  5 ball pythons
  5 frilled lizards
  3 giant cockroach zombies
  6 kobolds
  A quokka skeleton (D:3)
  7 rats
199 creatures vanquished.

Vanquished Creatures (others)
  A plant (D:5)
  4 toadstools (D:6)
5 creatures vanquished.

Grand Total: 204 creatures vanquished

Notes
Turn   | Place    | Note
-------+----------+-------------------------------------------
     0 | D:1      | dengdeng the Minotaur Berserker began the quest for the
                  | Orb.
     0 | D:1      | Reached XP level 1. HP: 19/19 MP: 0/0
   163 | D:1      | Reached XP level 2. HP: 26/27 MP: 1/1
   660 | D:2      | Reached skill level 3 in Armour
   710 | D:2      | Reached XP level 3. HP: 33/33 MP: 2/2
   915 | D:2      | Noticed Terence
   924 | D:2      | Killed Terence
   924 | D:2      | Reached XP level 4. HP: 37/41 MP: 3/3
   941 | D:2      | Reached ** piety under Trog
  1029 | D:2      | Identified the cursed -1 helmet "Nexe" {Regen+ MP+9}
  1029 | D:2      | Noticed Robin
  1035 | D:2      | Killed Robin
  1336 | D:3      | Reached skill level 5 in Axes
  1401 | D:3      | Reached skill level 4 in Armour
  1401 | D:3      | Reached XP level 5. HP: 47/47 MP: 4/4
  1498 | D:3      | Reached *** piety under Trog
  1633 | D:3      | Reached skill level 5 in Armour
  1863 | D:3      | Reached XP level 6. HP: 52/55 MP: 5/5
  2154 | D:4      | Reached skill level 5 in Fighting
  2156 | D:4      | Reached skill level 6 in Armour
  2437 | D:4      | Found Fyskuamp's Distillery.
  2448 | D:4      | Found a staircase to the Ecumenical Temple.
  2457 | D:4      | Reached XP level 7. HP: 61/61 MP: 6/6
  2674 | D:4      | Reached skill level 7 in Armour
  2679 | D:4      | Reached **** piety under Trog
  3196 | D:4      | Found a sacrificial altar of Ru.
  3399 | D:5      | Entered Level 5 of the Dungeon
  3440 | D:5      | Reached skill level 1 in Polearms
  3466 | D:5      | Reached skill level 8 in Armour
  3466 | D:5      | Reached XP level 8. HP: 34/69 MP: 7/7
  3768 | D:5      | Found a shimmering altar of Xom.
  3796 | D:5      | Noticed Eustachio
  3809 | D:5      | Killed Eustachio
  4165 | D:5      | Noticed Ijyb
  4170 | D:5      | Killed Ijyb
  4172 | D:5      | Noticed Menkaure
  4180 | D:5      | Killed Menkaure
  4361 | D:5      | Reached skill level 9 in Armour
  4617 | D:6      | Reached skill level 5 in Polearms
  4669 | D:6      | Noticed Sigmund
  4673 | D:6      | Killed Sigmund
  4753 | D:6      | Reached XP level 9. HP: 71/75 MP: 8/8
  4793 | D:6      | Noticed a two-headed ogre
  4804 | D:6      | Killed a two-headed ogre
  4804 | D:6      | Reached skill level 10 in Armour
  5135 | D:6      | Reached ***** piety under Trog
  5773 | D:7      | Reached skill level 11 in Armour
  6145 | D:7      | Killed an unseen horror
  6145 | D:7      | Received a gift from Trog
  6145 | D:7      | Reached XP level 10. HP: 46/86 MP: 9/9
  6501 | D:8      | Found a shattered altar of Ashenzari.
  6512 | D:8      | Reached skill level 1 in Maces & Flails
  6516 | D:8      | HP: 1/86 [porcupine (6)]
  6516 | D:8      | Slain by a black bear

Skill      XL: |  1  2  3  4  5  6  7  8  9 10 |
---------------+-------------------------------+-----
Fighting       | 4 5 6 7 |  7.2
Axes           | 4 5 6 7 |  7.2
Armour         | 3 4 5 6 8 9 11 | 11.6
Polearms       | 2 5 9 |  9.4
Dodging        | 3 |  3.2
Maces & Flails | 1 |  1.1
Throwing       | |  0.3

Action                   |  1- 3 |  4- 6 |  7- 9 | 10-12 || total
-------------------------+-------+-------+-------+-------++-------
Melee: Hand axe          |    63 |   112 |       |       ||   175
       Headbutt          |    12 |    19 |    43 |    10 ||    84
       Halberd           |       |     1 |   234 |       ||   235
       Great mace        |       |       |       |    30 ||    30
Throw: Stone             |       |       |     3 |       ||     3
Invok: Berserk           |       |     2 |     4 |       ||     6
  Use: Potion            |       |     1 |     1 |       ||     2
  Eat: Chunk             |       |     7 |    12 |     1 ||    20
       Ration            |       |       |     1 |       ||     1
Armor: Chain mail        |    34 |    83 |    41 |       ||   158
       Plate armour      |       |       |   104 |    61 ||   165
Dodge: Dodged            |    33 |    83 |   158 |    51 ||   325
